 Dungeon Crawl Stone Soup version 0.25.0-41-g26779e291d (webtiles) character file.

Game seed: 6843619416886650721

370 AvylaarBelgium the Magician (level 6, 0/32 HPs)
             Began as a Deep Elf Air Elementalist on July 10, 2020.
             Slain by an orc wizard
             ... wielding a +0 dagger
              (1 damage)
             ... on level 4 of the Dungeon.
             The game lasted 00:05:30 (3130 turns).

AvylaarBelgium the Magician (DEAE)                  Turns: 3130, Time: 00:05:31

Health: 0/32       AC:  4    Str:  5    XL:     6   Next: 42%
Magic:  10/16      EV: 13    Int: 22    God:
Gold:   162        SH:  0    Dex: 15    Spells: 5/15 levels left

rFire    . . .     SeeInvis .   g - +4 hunting sling
rCold    + . .     Gourm    .   (no shield)
rNeg     . . .     Faith    .   v - +1 robe {rC+}
rPois    .         Spirit   .   (no helmet)
rElec    .         Reflect  .   (no cloak)
rCorr    .         Harm     .   (no gloves)
MR       .....                  q - +0 pair of boots (curse)
Stlth    +++.......             (no amulet)
HPRegen  0.10/turn              m - ring of stealth
MPRegen  0.15/turn              (no ring)

@: very slightly contaminated
A: no striking features
a: no special abilities


You were on level 4 of the Dungeon.
You were not hungry.

You visited 1 branch of the dungeon, and saw 4 of its levels.

You collected 162 gold pieces.

Inventory:

Hand Weapons
 d - a +0 club
 g - a +4 hunting sling (weapon)
Missiles
 b - 49 sling bullets
 j - 216 stones (quivered)
 k - 20 bolts
Armour
 a - a +0 robe
 f - a +0 pair of boots
 q - a cursed +0 pair of boots (worn)
 v - a +1 robe of cold resistance (worn)
Jewellery
 m - a ring of stealth (left hand)
 t - an uncursed ring of resist corrosion {unknown}
 w - an uncursed ring of see invisible {unknown}
Scrolls
 e - a scroll of immolation {unknown}
 h - 2 scrolls of blinking {unknown}
 l - 5 scrolls of identify {unknown}
 n - 3 scrolls of fog {unknown}
 o - 3 scrolls of teleportation {unknown}
 s - 4 scrolls of remove curse {unknown}
 u - 2 scrolls of random uselessness {unknown}
Potions
 i - a potion of curing {unknown}
 p - a potion of invisibility {unknown}
 x - a potion of haste {unknown}
Comestibles
 c - 9 rations
 r - 3 chunks of flesh


   Skills:
 * Level 1.9 Slings
 - Level 2.4 Dodging
 - Level 2.4 Stealth
 + Level 5.4 Spellcasting
 + Level 3.8 Conjurations
 + Level 4.6 Air Magic


You had 5 spell levels left.
You knew the following spells:

 Your Spells              Type           Power        Failure   Level  Hunger
a - Shock                 Conj/Air       ###.         1%          1    None
b - Swiftness             Chrm/Air       ###.....     6%          2    None
c - Static Discharge      Conj/Air       ###.....     4%          3    ##.....
d - Airstrike             Air            ####......   14%         4    ####...

Your spell library contained the following spells:

 Spells                   Type           Power        Failure   Level  Hunger
 Lightning Bolt           Conj/Air       ###.......   43%         5    #####..


Dungeon Overview and Level Annotations

Branches:
Dungeon (4/15)
 Temple: D:4-7

Altars:
Dithmenos


Message History

Casting: Shock (safe; 1% risk of failure)
Confirm with . or Enter, or press ? or * to list all spells.
Aiming: Shock (safe; 1% risk of failure)
Press: ? - help, Shift-Dir - straight line The zap hits the orc wizard.
The orc wizard is moderately wounded.
The zap hits the orc wizard.
The orc wizard is severely wounded.
The orc priest calls down the wrath of Beogh upon you.
Beogh smites you!
* * * LOW HITPOINT WARNING * * *
Casting: Shock (safe; 1% risk of failure)
Confirm with . or Enter, or press ? or * to list all spells.
Aiming: Shock (safe; 1% risk of failure)
Press: ? - help, Shift-Dir - straight line You miscast Shock.
You are very lightly contaminated with residual magic.
Nothing appears to happen.
The orc wizard hits you with a +0 dagger.
You die...

# # #. #. .. # #o .
#.#.# #. #.... #.
#..l### ## #...o.#
#+# #.(.#@# #.###
#####.# #... .# ##.##
##.## .#
##...######...## .#
##.....##....<..##.##
#.......#.##...#.....
#...................#
#.......#.##........#
##.....##.##.....##.#


You could see an orc priest, an orc wizard (fast) and a frilled lizard.

Vanquished Creatures
  A hound (D:3)
  A bullfrog skeleton (D:4)
  4 orc wizards
  2 orc priests
  4 adders
  An ooze (D:3)
  An adder skeleton (D:4)
  A worm (D:3)
  3 dart slugs
  2 leopard geckos (D:1)
  15 orcs
  4 bats
  A giant cockroach (D:3)
  9 hobgoblins
  4 jackals (D:1)
  7 kobolds
  2 quokkas
  A ball python (D:4)
  4 frilled lizards
  8 goblins
  5 rats
80 creatures vanquished.

Notes
Turn   | Place    | Note
-------+----------+-------------------------------------------
     0 | D:1      | AvylaarBelgium the Deep Elf Air Elementalist began the
                  | quest for the Orb.
     0 | D:1      | Reached XP level 1. HP: 10/10 MP: 6/6
   114 | D:1      | Reached XP level 2. HP: 15/15 MP: 0/8
   370 | D:1      | Reached XP level 3. HP: 5/19 MP: 5/10
  1026 | D:2      | Reached skill level 4 in Spellcasting
  1296 | D:2      | Reached XP level 4. HP: 24/24 MP: 7/12
  1814 | D:3      | Reached XP level 5. HP: 28/28 MP: 11/14
  1819 | D:3      | Learned a level 2 spell: Swiftness
  1823 | D:3      | Learned a level 3 spell: Static Discharge
  1828 | D:3      | Learned a level 4 spell: Airstrike
  2499 | D:3      | Found a shadowy altar of Dithmenos.
  2702 | D:4      | Reached skill level 1 in Slings
  2702 | D:4      | Reached skill level 5 in Spellcasting
  2830 | D:4      | Reached XP level 6. HP: 20/32 MP: 8/15
  3129 | D:4      | HP: 1/32 [orc priest/divine providence (15)]
  3130 | D:4      | Slain by an orc wizard

Illustrated notes

Levels and vault maps discovered:
D:1:      sevenhm_arrival_forest_fort_large_2, layout_loops_cross
D:2:      layout_basic
D:3:      layout_basic, nicolae_dithmenos_through_a_glass_darkly
D:4:      layout_loops_corners, first_ration, uniq_natasha

Skill      XL: |  1  2  3  4  5 |
---------------+----------------+-----
Conjurations   | 2 3 |  3.8
Spellcasting   | 4 5 |  5.4
Air Magic      | 4 |  4.6
Slings         | 1 |  1.9
Dodging        | |  2.4
Stealth        | |  2.4

Action                   |  1- 3 |  4- 6 || total
-------------------------+-------+-------++-------
Melee: Club              |    12 |       ||    12
       Unarmed           |     1 |       ||     1
 Fire: Hunting sling     |     6 |    57 ||    63
 Cast: Shock             |    56 |    63 ||   119
  Eat: Chunk             |     1 |     6 ||     7
Armor: Robe              |    10 |    10 ||    20
Dodge: Dodged            |    34 |    16 ||    50
